Cogmind - Beta 12 @@@ ROGUE MODE // 2023.04.18 @ 10:12:46 Player: Glincka Result: Destroyed by D-53 Grenadier with Mini Grenade Launcher Performance ------------- Evolutions (0) 0 Regions Visited (2) 400 Robots Destroyed (34) 170 Value Destroyed (671) 671 Prototype IDs (0) 0 Alien Tech Used (0) 0 Bonus (8) 8 TOTAL SCORE: 1249 Bonus ------- High Alert Combat Kills 8 Cogmind --------- Core Integrity 0/250 Matter 248/300 Energy 100/100 System Corruption 3% Temperature Cool (0) Movement Core (100) Ox1 Location -10/Mines Parts ------- > --- POWER (1) -------- (None) > --- PROPULSION (2) --- (None) > --- UTILITY (2) ------ Small Storage Unit > --- WEAPON (2) ------- Light Assault Rifle > --- INVENTORY (8) ---- Light Nuclear Core Light Treads Aluminum Leg Large Storage Unit Experimental Sensor Array Light Armor Plating Assault Rifle Mini Grenade Launcher Peak State ------------ > --- POWER ------------ Ion Engine > --- PROPULSION ------- Aluminum Leg Aluminum Leg > --- UTILITY ---------- Small Storage Unit Medium Armor Plating > --- WEAPON ----------- Light Assault Rifle Mini Grenade Launcher > --- INVENTORY -------- Light Nuclear Core Light Treads Aluminum Leg Large Storage Unit ECM Suite Light Armor Plating EM Pulse Gun Mini Grenade Launcher [Rating: 10] Favorites ----------- Power Ion Engine Engine Ion Engine Propulsion Aluminum Leg Leg Aluminum Leg Utility Small Storage Unit Storage Small Storage Unit Protection Medium Armor Plating Weapon Light Assault Rifle Energy Gun EM Pulse Gun Ballistic Gun Light Assault Rifle Launcher Mini Grenade Launcher Build | -11 -10 -10 ------- Run | Jun Mat Min Slots Evolved . | . . . Power . | . . . Propulsion . | . . . Utility . | . . . Weapon . | . . . Parts Attached 19 | 6 6 7 Power 3 | 1 1 1 Engine 3 | 1 1 1 Core . | . . . Reactor . | . . . Propulsion 6 | 2 1 3 Treads . | . . . Leg 6 | 2 1 3 Wheel . | . . . Hover . | . . . Flight . | . . . Utility 4 | 1 2 1 Device . | . . . Storage 1 | 1 . . Processor . | . . . Hackware . | . . . Protection 3 | . 2 1 Artifact . | . . . Weapon 6 | 2 2 2 Energy Gun 1 | 1 . . Energy Cannon . | . . . Ballistic Gun 3 | 1 . 2 Ballistic Cannon . | . . . Launcher 2 | . 2 . Special Weapon . | . . . Impact Weapon . | . . . Slashing Weapon . | . . . Piercing Weapon . | . . . Special Melee Weapon . | . . . Unidentified Prototypes . | . . . Parts Lost 6 | . . 6 Power 1 | . . 1 Propulsion 2 | . . 2 Utility 2 | . . 2 Weapon 1 | . . 1 Highest Loss Streak 5 | . . 5 To Critical Strikes . | . . . Average Slot Usage (%) 98 | . 99 96 Engine 13 | . 14 13 Leg 27 | . 28 27 Storage 14 | . 14 14 Protection 12 | . 13 11 Ballistic Gun 14 | . 14 14 Launcher 13 | . 13 14 Naked Turns . | . . . Heaviest Build 19 | 11 19 19 Greatest Support 20 | 20 20 20 Greatest Overweight (x) 1 | . . 1 Average Overweight (x) . | . . . Largest Inventory Capacity 8 | 8 8 8 Average Capacity 7 | 7 8 8 Most Carried 8 | 4 8 8 Average Carried 7 | 3 7 7 Final Capacity 8 | 8 8 8 Final Carried 8 | 4 8 8 Class Distribution -------------------- 89% | Mutant 10% | Scavenger-Mutant Dominant Class ---------------- Mutant | -10/Materials Mutant | -10/Mines Resources | -11 -10 -10 ----------- Run | Jun Mat Min Matter Collected 629 | 265 173 191 Remotely . | . . . Salvage Created 1053 | 125 676 252 Parts 59 | 3 43 13 Haulers Intercepted 2 | . 2 . Recyclers Shooed 3 | 1 2 . Parts Field Recycled . | . . . Retrieved Matter . | . . . Parts Self-Destructed . | . . . Prevented . | . . . Kills | -11 -10 -10 ------- Run | Jun Mat Min Combat Hostiles Destroyed 31 | . 14 17 Guns 18 | . 11 7 AOE 13 | . 3 10 Classes Destroyed 8 | 2 5 1 Worker 3 | . 2 1 Builder 1 | . 1 . Tunneler 1 | 1 . . Hauler 2 | . 2 . Recycler 4 | 1 3 . Swarmer 9 | . 6 3 Grunt 14 | . 8 6 Assembled 8 | . . 8 Best Kill Streak 9 | 2 9 8 Combat Bots Only 9 | . 9 8 Max Kills in Single Turn 3 | 1 3 3 Gunslinging . | . . . Exploded 3 | . 1 3 Melee . | . . . Uniques/NPCs Destroyed . | . . . Combat | -11 -10 -10 -------- Run | Jun Mat Min Damage Taken 1148 | . 320 828 Core 256 | . 43 213 Absorbed by Shields . | . . . Core Remaining (%) 100 | 100 . . Volleys Fired 120 | 5 74 41 Largest 2 | 2 2 2 Hottest 60 | 60 60 50 Shots Fired 147 | 10 82 55 Gun 125 | 10 74 41 Cannon . | . . . Launcher 22 | . 8 14 Special . | . . . Kinetic 119 | 5 73 41 Thermal . | . . . Explosive 22 | . 8 14 Electromagnetic 6 | 5 1 . Robot Hit Streak 11 | 5 11 9 Robot Miss Streak 5 | 1 3 5 Penetration Max . | . . . Secondary Targets . | . . . Shots Hit Robots 80 | 7 54 19 Core Hits 81 | 5 42 34 Critical Kills . | . . . Critical Parts Destroyed . | . . . Critical Strikes . | . . . Melee Attacks . | . . . Impact . | . . . Slashing . | . . . Piercing . | . . . Sneak Attacks . | . . . Combat Hostiles . | . . . Follow-up Attacks . | . . . Damage Inflicted 2337 | 81 1080 1176 Guns 697 | 76 446 175 Cannons . | . . . Explosions 1597 | . 598 999 Melee . | . . . Ramming 43 | 5 36 2 Kinetic 643 | 22 446 175 Thermal . | . . . Explosive 1597 | . 598 999 Electromagnetic 54 | 54 . . Impact . | . . . Slashing . | . . . Piercing . | . . . Highest Corruption 3 | . 3 3 Average Corruption 2 | . 2 3 Corruption Purged . | . . . Corruption Blocked . | . . . Effects 20 | . 14 6 Message Errors 5 | . 3 2 Matter Fused 2 | . 1 1 Heat Flow Errors 6 | . 4 2 Energy Discharges 1 | . 1 . Parts Rejected 1 | . . 1 Data Loss (minor) 2 | . 2 . Alerts 2 | . 2 . Weapon Failures 1 | . 1 . Overload Shots . | . . . Overflow Damage 26 | . . 26 Projectiles . | . . . Explosions 26 | . . 26 Melee . | . . . Knockbacks . | . . . Impact . | . . . Kinetic . | . . . Secondary . | . . . Self-Inflicted Damage 48 | . . 48 Shots 1 | . . 1 Rammed . | . . . Targets Rammed 10 | 3 6 1 Kicked 10 | 3 6 1 Crushed . | . . . Highest Temperature 256 | 20 219 256 Average Temperature 51 | 13 37 76 Received Heat Transfer 252 | . 96 156 Effects 2 | . . 2 Energy Bleed 2 | . . 2 Siege Activations . | . . . Robots Corrupted . | . . . Combat Hostiles . | . . . Parts Fried 2 | 2 . . Impact Corruptions . | . . . Robots Melted . | . . . Combat Hostiles . | . . . Parts Melted . | . . . Heat Transferred . | . . . Parts Sabotaged . | . . . Parts Stolen . | . . . Parts Stripped . | . . . Power Chain Reactions . | . . . Missiles Intercepted . | . . . Alert | -11 -10 -10 ------- Run | Jun Mat Min Peak Influence 401 | 10 358 401 Initial 107 | . 6 107 Average 205 | 3 215 236 Maximum Alert Level 2 | . 1 2 Low Security (%) 43 | 100 37 41 Level 1 53 | . 62 47 Level 2 3 | . . 11 Level 3 . | . . . Level 4 . | . . . Level 5 . | . . . High Security . | . . . Max Security . | . . . Squads Dispatched 3 | . 3 . Investigation 1 | . 1 . Extermination . | . . . Reinforcement 2 | . 2 . Assault . | . . . Garrison . | . . . Intercept . | . . . Searches Triggered . | . . . Construction Impeded . | . . . Haulers Reinforced . | . . . Active Scanning Responses . | . . . Cargo Convoy Interrupts . | . . . Stealth | -11 -10 -10 --------- Run | Jun Mat Min Distress Signals 2 | . 2 . Communications Jammed . | . . . Distress Signals . | . . . Times Spotted 51 | . 28 23 Peak Tracking Total 12 | . 12 9 Tactical Retreats 3 | . 2 1 Traps | -11 -10 -10 ------- Run | Jun Mat Min Traps Triggered 3 | . 3 . Indirectly . | . . . Trap Hack Attempts . | . . . Triggered . | . . . Disarmed . | . . . Reprogrammed . | . . . Reused . | . . . Traps Extracted . | . . . Installed . | . . . Triggered . | . . . Machines | -11 -10 -10 ---------- Run | Jun Mat Min Machines Disabled 3 | . 2 1 Max in Single Turn 1 | . 1 1 Machines Repaired . | . . . Machines Sabotaged . | . . . Overloaded Fab Kills . | . . . Hacking | -11 -10 -10 --------- Run | Jun Mat Min Machines Accessed 6 | . 6 . Terminals 4 | . 4 . Fabricators . | . . . Repair Stations . | . . . Recycling Units 2 | . 2 . Scanalyzers . | . . . Garrison Access . | . . . Total Hacks 20 | . 20 . Successful 13 | . 13 . Failed 7 | . 7 . Catastrophic 1 | . 1 . Database Lockouts . | . . . Manual . | . . . Terminals 13 | . 13 . Fabricators . | . . . Repair Stations . | . . . Recycling Units 7 | . 7 . Scanalyzers . | . . . Garrison Access . | . . . Terminal Hacks 8 | . 8 . Record 1 | . 1 . Alert Level 2 | . 2 . Locate Traps 2 | . 2 . Transport Status 1 | . 1 . Registered Components 1 | . 1 . Zone Layout 1 | . 1 . Fabricator Hacks . | . . . Repair Station Hacks . | . . . Recycling Unit Hacks 5 | . 5 . Process 1 | . 1 . Report Inventory 2 | . 2 . Retrieve Matter 2 | . 2 . Scanalyzer . | . . . Garrison Access Hacks . | . . . Unauthorized Hacks . | . . . Terminals . | . . . Fabricators . | . . . Repair Stations . | . . . Recycling Units . | . . . Scanalyzers . | . . . Garrison Access . | . . . Data Cores Recovered . | . . . Used . | . . . Hacking Detections 5 | . 5 . Full Trace Events . | . . . Feedback Events . | . . . Feedback Blocked . | . . . Robot Schematics Acquired . | . . . Robots Built . | . . . Authchips . | . . . Time . | . . . Total Robot Build Rating . | . . . Part Schematics Acquired . | . . . Parts Built . | . . . Authchips . | . . . Time . | . . . Total Part Build Rating . | . . . Parts Repaired . | . . . Time . | . . . Parts Recycled . | . . . Recycled Matter 76 | . 76 . Retrieved Matter 76 | . 76 . Retrieved Components . | . . . Parts Scanalyzed . | . . . Part Schematics Acquired . | . . . Parts Damaged . | . . . Bothacking | -11 -10 -10 ------------ Run | Jun Mat Min Used RIF Installer . | . . . Robots Hacked . | . . . Non-combat . | . . . Combat . | . . . Robot Hacks Applied . | . . . Relay Couplers Released . | . . . Fabnet Peak Effective % . | . . . Robots Rewired . | . . . Allies Hacked . | . . . Hacks Repelled . | . . . Allies | -11 -10 -10 -------- Run | Jun Mat Min Total Allies . | . . . Largest Group . | . . . Highest-Rated Group . | . . . Highest-Rated Ally . | . . . Total Orders . | . . . Ally Attacks . | . . . Total Damage . | . . . Kills . | . . . Allies Corrupted . | . . . Allies Melted . | . . . Intel | -11 -10 -10 ------- Run | Jun Mat Min Robot Analysis Total . | . . . Derelict Logs Recovered 1 | . . 1 Drone Launches . | . . . Drone Recoveries . | . . . Exploration | -11 -10 -10 ------------- Run | Jun Mat Min Turns Passed 1496 | 116 947 433 Spaces Moved 984 | 73 647 264 Core 8 | 8 . . Treads . | . . . Legs 976 | 65 647 264 Wheels . | . . . Hover . | . . . Flight . | . . . Fastest Speed 50 | 50 120 120 Average Speed 119 | 112 120 120 Slowest Speed 190 | 120 120 190 Overloaded Moves . | . . . Propulsion Burnouts . | . . . Robots Hopped . | . . . Cave-ins Triggered . | . . . Exploration Rate (%) 53 | 3 87 69 Regions Visited 2 Branch Regions 1 Pre-discovered Areas 1 | . . 1 Known Exits Taken . | . . . Unknown Exits Taken 2 | 1 1 . Scrap Searched 2 | . . 2 Spaces Dug . | . . . Terrain Destroyed 147 | . 39 108 Melee . | . . . Projectile . | . . . AOE 147 | . 39 108 Terrain Rammed . | . . . Walls Destroyed . | . . . Machines Disabled . | . . . Actions | -11 -10 -10 --------- Run | Jun Mat Min Total 1175 | 94 748 333 Wait 15 | 4 2 9 Move 982 | 72 646 264 Hop . | . . . Pick Up 14 | 4 7 3 Fast Attach 18 | 6 5 7 Attach . | . . . Detach . | . . . Swap 1 | . 1 . Drop 15 | . 7 8 Fire 120 | 5 74 41 Melee . | . . . Ram . | . . . Kick 10 | 3 6 1 Crush . | . . . Escape Stasis . | . . . Rewire . | . . . Trap . | . . . Miscellaneous . | . . . Route ------- -11/Junkyard -10/Materials (discovered 5 exits: [*Mat x3] / [*Min x2]) -10/Mines (discovered 1 exit: [*Mat]) History --------- Turn | Location | Event 5 | -11/Junkyard | Discovered new exit (range 16) 117 | -11/Junkyard | Entered Materials 161 | -10/Materials | Discovered new exit (range 13) 311 | -10/Materials | Discovered new exit (range 6) 314 | -10/Materials | Build established: Mutant 416 | -10/Materials | Destroyed 9 combat bots 821 | -10/Materials | Discovered new exit (range 14) 882 | -10/Materials | Discovered new exit (range 8) 944 | -10/Materials | Discovered new exit (range 15) 1064 | -10/Materials | Entered Mines 1198 | -10/Mines | Found a damaged Exp. Sensor Array with a note attached 1206 | -10/Mines | Found Prototype Device 1328 | -10/Mines | Discovered new exit (range 11) 1416 | -10/Mines | Core integrity fell below 50% 1453 | -10/Mines | Learned location of Storage (-7) 1458 | -10/Mines | Assembled infested the area 1494 | -10/Mines | Core integrity fell below 20% 1495 | -10/Mines | Destroyed 8 combat bots 1497 | -10/Mines | Destroyed by D-53 Grenadier with Mini Grenade Launcher Last Messages --------------- as-11136 destroyed. Overheating: Energy bleed (-50). as-02379 destroyed. Destroyed Asb. Hover Unit. as-17634 destroyed. The unstable cave ceiling collapses. Destroyed Asb. F-torch. as-58422 destroyed. as-94798 destroyed. as-58627 destroyed. Overheating: Energy bleed (-42). C-30 ARC bursts open, deploying its payload. D-53 Grenadier unfolds itself. The unstable cave ceiling collapses. Ion Engine destroyed. Lgt. Armor Plating destroyed. as-10586 destroyed. as-40994 destroyed. Aluminum Leg destroyed. Mni. Grenade Launcher destroyed. Map ----- +----------------------------------------------------+ | ???????????????????????### ##??????????? | | ????????????????????#### ##?????????? | | ????????????????????# ##????????? | | ???????????????# #### ##???????? | | ???????????????# #???????? | | ???????????????# = #???????? | | ?????????????????#### # # ##????#### | | ????????????????????# # # ## ##???## # | | ????????????????????# ## ##### | | ????????????????????#### #### | | ???????????????????????####???# | | ??????????????????????????????## ### # | | ???????????????????????????????# #?## # | | ???????????????????????????????# #??### ## | | ???????????????????????????###?# #????## ####? | | ?????????????????????????## ### #?????######???? | | ???????????????????????## # # #??????????????? | | ???????????????????????# #??????????????? | | ??????????????????????## % #??????????????? | | ???????????????????#### d ####??????????????? | | ???????????? ### # d #????????????????? | | ??????????? # #?????????????????? | | ??????????? % ##????????????????? | | ??????????# % #????????????????? | | ???????????# ##????????????????? | | ????????????# @ #?????????????????? | | ????????????######g #?????????????????? | | ?????????????????#g ##?????????????????# | | ?????????????????#g #???????????# ###### | | ?????????????????##### ##???????????# | | ?????????????????????# ##????????????# | | ?????????????????????## #?????????????####### | | ??????????????????????## ???????????????????## | | ???????????????????????# ????????????????????# | | ???????????????????????# ???????????????????# | | ???????????????????????# #?????? ????????????# | | ???????????????????????# r ##??????# ?????????# | | ??????????????##?????? ##???????? ????????# | | ?????????????? ?????? ?????????? ????#### | | ?????????????? ?????? ??????????? ????# | | #####????????# #?????? #??????????? ????# | | #????????# #?????????????????????? ?#### # | | """ #????????# #??????????????????????# ?# # | | """ #????????# #??????????????????????# ?# ## # | | """ #????????# ##?????????????????????# ?# ## # | | #??????### ##????????????????????# ## # | | ## ###??????# ##??????????????????## | | ?# #???????## ##?????????????????# | | ?# ######### ##????????????# ### | | ?# ## #????????????# "" | +----------------------------------------------------+ Best States ------------- Heat Dissipation 25 Energy Generation 10 Energy Capacity 250 Matter Stores 300 Matter Capacity 300 Sight Range 16 Terrain Scan Density 10 Armor Coverage 225 Evasion (%) 55 Item Schematics ----------------- None Robot Schematics ------------------ None Fabricated ------------ Nothing Alien Tech Used ----------------- None Achievements -------------- None Challenges ------------ None Game ------ Seed MicroAbsorptionLauncher Manual? 0 Play Time 00:22:54 Cumulative 6.7 hours Start 2023.04.17 @ 21:43:56 End 2023.04.18 @ 10:12:46 Sessions 3 Manual Loads 0 Difficulty Rogue Special Mode None Game No. 6 Rogue 6 Adventurer 0 Explorer 0 Win Type - Total 0 Types 0/0/0/0/0/0/0/0/0 Lore% 13 Gallery% 10 Achievement% 10 Wizard Run 0 Options --------- ASCII 0 Keyboard 1 Movement Numpad Keybinds 0 Fullscreen 1 Font 18/SmallcapsGlow Map View 76x50 Tactical HUD 0 Map Filters NONE Filters NONE Steam 1 RUN: a9257260-79b8-4708-84c3-a2d2a8a0253c